Map: Pylon LE

Players

Nicoract - Winner!

  • Race: Terran Terran
  • League: Grandmaster
  • Spawn Location: 5:00

LetaleX

  • Race: Protoss Protoss
  • League: Grandmaster
  • Spawn Location: 11:00

VOD

Have the link to the VOD?

Description

Time

  • Played on: Aug. 17, 2025, 5:14 a.m.
  • Length: 5:17
Show
View Real Time Build Order
Export as new Build Order

Nicoract Terran - Winner!

Build Orders: Gas First Reaper Expand, Banshee Rush 

Get SALT Encoding   

  12  0:00  SCV  
  13  0:12  SCV  
  14  0:17  Supply Depot  
  14  0:24  SCV  
  14  0:27  Refinery  
  15  0:38  SCV  
  16  0:44  Barracks  
  16  0:50  SCV  
  17  1:02  SCV  
  18  1:14  SCV  
  19  1:31  Orbital Command  
  19  1:32  Reaper  
  20  1:41  Command Center  
  20  1:51  Factory  
  20  1:57  SCV  
  21  2:05  Barracks Reactor, Supply Depot  
  21  2:09  SCV  
  21  2:15  Refinery  
  22  2:21  SCV  
  23  2:33  SCV  
  24  2:41  Starport  
  24  2:45  Hellion, SCV  
  24  2:46  Hellion  
  29  2:54  Orbital Command  
  29  2:55  Barracks Tech Lab  
  29  3:01  SCV  
  30  3:07  Hellion x2  
  34  3:14  Supply Depot  
  34  3:15  SCV  
  35  3:21  SCV  
  35  3:24  Barracks Tech Lab  
  36  3:27  SCV  
  36  3:30  Banshee  
  36  3:32  Cloaking Field  
  40  3:35  SCV  
  40  3:39  SCV  
  42  3:47  SCV  
  43  3:52  SCV  
  44  3:56  Marine x2  
  44  3:59  SCV  
  43  4:03  Siege Tank  
  43  4:05  SCV  
  42  4:11  SCV  
  42  4:14  Bunker, Banshee  
  42  4:15  Marine x2  
  42  4:16  Supply Depot  
  42  4:17  SCV  
  49  4:21  Barracks  
  49  4:23  SCV  
  50  4:29  SCV  
  51  4:33  Marine x2, Barracks  
  51  4:37  Siege Tank  
  56  4:38  Supply Depot, SCV  
  56  4:41  SCV  
  58  4:45  Refinery  
  58  4:48  Refinery  
  58  4:50  Engineering Bay  
  58  4:55  SCV x2  
  58  4:57  Marine x2  
  62  5:06  Starport Reactor  
Show
View Real Time Build Order
Export as new Build Order

LetaleX Protoss 

Build Orders: 1 Gate Expand, Phoenix Opening 

Get SALT Encoding   

  12  0:00  Probe  
  13  0:12  Probe  
  14  0:17  Pylon  
  14  0:24  Probe  
  15  0:32  Probe  
  15  0:39  Gateway  
  15  0:40  Probe  
  16  0:45  Assimilator  
  17  0:51  Probe  
  18  1:03  Probe  
  19  1:15  Probe  
  20  1:21  Nexus  
  20  1:31  Cybernetics Core  
  20  1:34  Probe  
  20  1:39  Assimilator  
  21  1:46  Probe  
  22  1:49  Pylon  
  22  1:56  Stalker  
  22  1:58  Probe  
  23  2:08  Warp Gate  
  25  2:10  Probe  
  26  2:16  Shield Battery  
  27  2:22  Probe  
  27  2:24  Sentry  
  27  2:25  Phoenix  
  27  2:29  Probe  
  29  2:34  Probe  
  31  2:37  Probe  
  31  2:39  Twilight Council  
  32  2:46  Stalker  
  32  2:47  Probe x2  
  36  2:59  Probe x2  
  38  3:07  Gateway  
  38  3:09  Phoenix  
  38  3:11  Probe x2  
  40  3:17  Gateway  
  40  3:23  Probe x2  
  42  3:27  Pylon  
  42  3:35  Probe  
  42  3:36  Probe  
  44  3:49  Probe  
  44  3:53  Probe  
  43  3:56  Stalker  
  43  3:57  Nexus  
  43  3:59  Probe  
  37  4:05  Probe  
  37  4:08  Probe  
  34  4:16  Probe  
  35  4:17  Probe  
  35  4:18  Robotics Facility  
  37  4:27  Probe  
  37  4:29  Probe  
  39  4:39  Probe  
  39  4:41  Probe  
  41  4:45  Zealot  
  41  4:46  Zealot x2  
  41  4:51  Probe  
  48  4:53  Probe  
  48  4:55  Pylon  
  47  5:03  Probe  
Tags
 
Add a new tag
Caveats
  • Supply blocks, unpowered buildings, or Contaminate may cause inaccurate times.
  • Supply counts are checked every 10 seconds.